 Dungeon Crawl Stone Soup version 0.29.1-1-gd02db6906a (webtiles) character file.

Game seed: 4219159222829489789

6003 jimonade the Thaumaturge (level 11, -2/78 HPs)
             Began as a Djinni Fire Elementalist on Sept 18, 2022.
             Was a Believer of Ashenzari.
             Slain by a vampire (6 damage)
             ... on level 8 of the Dungeon.
             The game lasted 00:27:37 (11854 turns).

jimonade the Thaumaturge (DjFE)                    Turns: 11854, Time: 00:27:38

Health: -2/78      AC:  7    Str:  7    XL:     11   Next: 10%
Gold:   659        EV: 16    Int: 20    God:    Ashenzari [**....] SH:  0 Dex: 15

rFire   + + .      SeeInvis +   b - +1 dagger "Per Aspera Ad Scientiam" {drain, Cun, Self} (curse)
rCold   . . .      Faith    .   (no shield)
rNeg    . . .      Spirit   .   K - +1 ring mail {rC+}
rPois   ∞          Reflect  .   (no helmet)
rElec   .          Harm     .   n - +0 cloak "Omen of Ashenzari" {Evo, Self} (curse)
rCorr   .          Rampage  .   (no gloves)
Will    +....                   (boots unavailable)
Stlth   ++........              (no amulet)
HPRegen 0.23/turn               u - ring "I Knew You'd Do That" {SInv, Cun, Self} (curse)
MPRegen 0.00/turn               J - +4 ring of evasion

@: about to teleport, flying
A: sickness immunity, fire resistance 2, cold vulnerability 1, float, innate
caster, HP casting, extra vitality 1
a: Renounce Religion, Curse Item, Shatter the Chains


You were on level 8 of the Dungeon.
You worshipped Ashenzari.
Ashenzari was pleased with you.
You visited 1 branch of the dungeon, and saw 9 of its levels.

You collected 659 gold pieces.

Inventory:

Hand Weapons
 a - a +5 short sword
 b - the cursed +1 dagger "Per Aspera Ad Scientiam" (weapon) {drain, Cun, Self}
   (You took it off a goblin on level 2 of the Dungeon)

   A truly terrible weapon, it drains the life of any living foe it strikes.
   It has a curse which improves the following skills: Cunning: Dodging and
   Stealth.
   Introspection: Fighting and Spellcasting.
 s - a +0 sling
 v - a +2 hand axe of freezing
 E - a +0 quarterstaff
 F - a +0 whip of venom
 M - a +1 vampiric whip
 N - a +3 halberd
 O - a +0 shortbow
 R - a +0 rapier
Missiles
 k - 2 datura-tipped darts
 o - 2 javelins
 G - 2 throwing nets
 L - 22 poisoned darts
Armour
 n - the cursed +0 cloak "Omen of Ashenzari" (worn) {Evo, Self}
   (You found it on level 2 of the Dungeon)

   It has a curse which improves the following skills: Evocations: Evocations.
   Introspection: Fighting and Spellcasting.
 w - a +0 leather armour of cold resistance
 C - a +0 ring mail
 D - a +0 chain mail
 K - a +1 ring mail of cold resistance (worn)
Jewellery
 u - the cursed ring "I Knew You'd Do That" (left hand) {SInv, Cun, Self}
   (You found it on level 4 of the Dungeon)

   [ring of see invisible]

   SInv:      It lets you see invisible.
   It has a curse which improves the following skills: Cunning: Dodging and
   Stealth.
   Introspection: Fighting and Spellcasting.
 J - a +4 ring of evasion (right hand)
 P - a ring of protection from fire
Wands
 x - a wand of charming (7)
 Q - a wand of mindburst (6)
Scrolls
 c - 13 scrolls of identify
 j - 3 scrolls of enchant weapon
 l - 6 scrolls of butterflies
 m - 5 scrolls of fear
 p - a scroll of teleportation
 t - 2 scrolls of vulnerability
 y - 2 scrolls of immolation
 z - a scroll of poison
 H - a scroll of summoning
 I - a scroll of magic mapping
Potions
 d - 4 potions of lignification
 e - 2 potions of brilliance
 f - 7 potions of curing
 g - 2 potions of invisibility
 h - 3 potions of might
 r - 2 potions of heal wounds
 A - a potion of ambrosia
 B - a potion of attraction


   Skills:
 * Level 4.4(6.8) Fighting
 * Level 3.4 Armour
 * Level 4.6(6.4) Dodging
 - Level 1.5(2.9) Stealth
 + Level 11.3(13.8) Spellcasting


You had 10 spell levels left.
You knew the following spells:

 Your Spells              Type           Power      Damage    Failure   Level
a - Foxfire               Conj/Fire      100%       2x1d9     1%          1
b - Scorch                Fire           100%       2d10      1%          2
c - Conjure Flame         Conj/Fire      62%        6-21      1%          3
d - Inner Flame           Hex/Fire       62%        N/A       1%          3
e - Flame Wave            Conj/Fire      62%        2d14      1%          4
f - Necrotise             Necr           100%       1d9       1%          1
g - Poisonous Vapours     Pois/Air       100%       N/A       1%          2
h - Gell's Gravitas       Tloc           62%        N/A       1%          3
i - Swiftness             Air            62%        N/A       1%          3
j - Summon Forest         Summ/Tloc      31%        N/A       1%          5
Your spell library was empty.

Dungeon Overview and Level Annotations

Branches:
Dungeon (9/15)             Temple (0/1) D:5
   Lair: D:8-11         Orc: D:9-12

Altars:
Ashenzari
Dithmenos
Elyvilon
Nemelex Xobeh
Qazlal
Ru
Trog
Uskayaw
Zin

Shops:
D:1 (   D:2 !

Annotations:
D:4 2 runed translucent doors, Wentworth's ghost, amateur DsIE


Innate Abilities, Weirdness & Mutations

You are immune to sickness and miasma.
You are immune to poison.
Your flesh is very heat resistant. (rF++)
You are vulnerable to cold. (rC-)
You float through the air rather than walking.
You learn spells naturally, not from books.
Your magical power is your life essence.
You have superior vitality. (+4 MHP)


Message History

Flames lash the vampire.
The vampire is lightly damaged.
The vampire's fire resistance burns away.
The vampire closely misses you. The vampire bites you!
Casting: Scorch (safe; 1% risk of failure)
Confirm with . or Enter, or press ? or * to list all spells.
Flames lash the vampire but do no damage.
The vampire hits you. The vampire bites you.
Casting: Scorch (safe; 1% risk of failure)
Confirm with . or Enter, or press ? or * to list all spells.
Flames lash the vampire.
The vampire is burned terribly!
The vampire is lightly damaged.
The vampire closely misses you. The vampire barely misses you.
Casting: Scorch (safe; 1% risk of failure)
Confirm with . or Enter, or press ? or * to list all spells.
Flames lash the vampire.
The vampire is moderately damaged.
The vampire hits you!
* * * LOW HITPOINT WARNING * * *
The vampire closely misses you.
Casting: Scorch (safe; 1% risk of failure)
Confirm with . or Enter, or press ? or * to list all spells.
Flames lash the vampire.
The vampire is burned terribly!
The vampire is moderately damaged.
* * * LOW HITPOINT WARNING * * *
The vampire barely misses you. The vampire bites you.
* * * LOW HITPOINT WARNING * * *
Press: ? - help, v - describe, . - travel
Here: a vampire, wearing a +0 leather armour (moderately damaged, more vulnerable to fire)
The floor.
Unknown command.
Casting: Scorch (safe; 1% risk of failure)
Confirm with . or Enter, or press ? or * to list all spells.
Flames lash the vampire but do no damage.
* * * LOW HITPOINT WARNING * * *
The vampire completely misses you. The vampire bites you!
* * * LOW HITPOINT WARNING * * *
As you read the scroll of teleportation, it crumbles to dust.
You feel strangely unstable. The vampire hits you.
You die...

.................................
###############################..
#..................'....#.....#..
#..................#....#.....#..
#.......[[)........#....#.....'..
#########'##.......#....#.....#..
...........#########....#.....#..
.........).#......##..........#..
...........'..!.@.#############..
...........#...V...# #..
...........#.......# #..
...........#.......# #..
..........<#....#..# #..
#################### ### ......#
......# ......#


You could see a vampire (combustible).

Vanquished Creatures
  A two-headed ogre (D:8)
  Joseph (D:8)
  Prince Ribbit (D:6)
  11 yaks (D:9)
  A steam dragon (D:9)
  2 water moccasins
  2 orc warriors
  A black bear (D:6)
  2 sky beasts
  2 ogres (D:4)
  4 centaurs
  A phantom (D:5)
  2 kobold brigands
  3 bullfrogs
  A necrophage (D:8)
  2 scorpions
  5 wights
  6 killer bees (D:8)
  A howler monkey (D:5)
  3 hounds
  5 orc priests
  2 jellies (D:6)
  2 gnoll boudas
  Ijyb (D:5)
  2 iguanas
  6 orc wizards
  12 gnolls
  4 adders
  2 shadow imps
  3 white imps
  2 ufetubi
  4 dart slugs
  7 worms
  15 orcs
  9 ball pythons
  7 endoplasms
  2 giant cockroaches (D:2)
  7 goblins
  7 hobgoblins
  6 jackals (D:3)
  6 quokkas
  5 bats
  2 frilled lizards (D:1)
  13 kobolds
  6 rats
189 creatures vanquished.

Vanquished Creatures (others)
  173 foxfires
173 creatures vanquished.

Grand Total: 362 creatures vanquished

Notes
Turn   | Place    | Note
-------+----------+-------------------------------------------
     0 | D:1      | jimonade the Djinni Fire Elementalist began the quest for
                  | the Orb.
     0 | D:1      | jimonade set off with the following spells memorised:
                  | Foxfire, Scorch, Conjure Flame, Inner Flame, Flame Wave.
     0 | D:1      | Reached XP level 1. HP: 15/15 MP: 0/0
   384 | D:1      | Found a faded altar of an unknown god.
   389 | D:1      | Reached XP level 2. HP: 18/21 MP: 0/0
   521 | D:1      | Reached skill level 3 in Spellcasting
  1032 | D:1      | Found Ahiasiz's Weapon Shoppe.
  1034 | D:1      | Reached XP level 3. HP: 23/25 MP: 0/0
  1034 | D:1      | Learned a level 1 spell: Necrotise
  2177 | D:2      | Reached XP level 4. HP: 21/31 MP: 0/0
  2597 | D:2      | Found Baac's Distillery.
  2976 | D:3      | Found a glowing silver altar of Zin.
  2985 | D:3      | Reached skill level 4 in Spellcasting
  3323 | D:3      | Reached XP level 5. HP: 33/35 MP: 0/0
  3323 | D:3      | Learned a level 2 spell: Poisonous Vapours
  3548 | D:3      | Found a broken altar of Ashenzari.
  3549 | D:3      | Found a sacrificial altar of Ru.
  3706 | D:3      | Found a hide-covered altar of Uskayaw.
  4088 | D:3      | Became a worshipper of Ashenzari the Shackled
  4273 | D:4      | Noticed an ogre
  4279 | D:4      | Killed an ogre
  4280 | D:4      | Reached skill level 5 in Spellcasting
  4280 | D:4      | Reached XP level 6. HP: 9/40 MP: 0/0
  4536 | D:4      | Noticed an ogre
  4540 | D:4      | Killed an ogre
  4632 | D:4      | Found a large runed translucent door.
  4632 | D:4      | Found a large runed translucent door.
  4637 | D:4      | Noticed Wentworth's ghost (amateur DsIE)
  4977 | D:5      | Entered Level 5 of the Dungeon
  5012 | D:5      | Noticed Ijyb
  5023 | D:5      | Killed Ijyb
  5024 | D:5      | Reached XP level 7. HP: 35/45 MP: 0/0
  5024 | D:5      | Learned a level 3 spell: Gell's Gravitas
  5192 | D:5      | Found a staircase to the Ecumenical Temple.
  5221 | D:5      | Reached skill level 6 in Spellcasting
  5757 | D:5      | Reached * piety under Ashenzari
  5770 | D:5      | Reached XP level 8. HP: 46/50 MP: 0/0
  5851 | D:5      | Found a stormy altar of Qazlal.
  6136 | D:6      | Reached skill level 7 in Spellcasting
  6715 | D:6      | Reached skill level 8 in Spellcasting
  7095 | D:6      | Noticed Prince Ribbit
  7285 | D:6      | Reached ** piety under Ashenzari
  7331 | D:6      | Reached XP level 9. HP: 49/55 MP: 0/0
  7331 | D:6      | Learned a level 3 spell: Swiftness
  7649 | D:6      | Killed Prince Ribbit
  7650 | D:6      | Reached skill level 9 in Spellcasting
  8015 | D:7      | Reached *** piety under Ashenzari
  8430 | D:7      | Found a white marble altar of Elyvilon.
  8430 | D:7      | Found a sparkling altar of Nemelex Xobeh.
  8467 | D:7      | Reached skill level 1 in Fighting
  9206 | D:7      | Found a shadowy altar of Dithmenos.
 10122 | D:8      | Reached skill level 10 in Spellcasting
 10357 | D:8      | Found a bloodstained altar of Trog.
 10366 | D:8      | Noticed Joseph
 10378 | D:8      | Killed Joseph
 10379 | D:8      | Reached XP level 10. HP: 63/69 MP: 0/0
 10405 | D:8      | Reached skill level 1 in Armour
 10605 | D:8      | Noticed a two-headed ogre
 10619 | D:8      | Killed a two-headed ogre
 11398 | D:9      | Reached skill level 11 in Spellcasting
 11644 | D:9      | Reached XP level 11. HP: 47/78 MP: 0/0
 11644 | D:9      | Learned a level 5 spell: Summon Forest
 11840 | D:9      | Noticed a death yak
 11844 | D:9      | Noticed a death yak
 11853 | D:8      | HP: 3/78 [vampire (9)]
 11854 | D:8      | Slain by a vampire

Illustrated notes

Levels and vault maps discovered:
D:1:      tarquinn_simple_flora_water_e, layout_basic, serial_shops,
          nicolae_square_shop, nicolae_ecumenical_snake_handling,
          wander_ebering_terrifying_dragon_lair
D:2:      layout_loops_corners, serial_shops, shop, minmay_pentomino_w4
D:3:      layout_loops_ring, nicolae_uskayaw_murder_on_the_dancefloor,
          jmf_multi_god_temple, mainiacjoe_overflow_brackets
D:4:      layout_basic, ebering_ghost_disaster_area, kennysheep_windowed_goal
D:5:      layout_basic, mainiacjoe_overflow_six_doors_small, temple_doors_e,
          minmay_a_box_with_orc_wizards_in_it, uniq_ijyb
D:6:      layout_basic, kennysheep_generic_room_6, uniq_prince_ribbit1
D:7:      layout_loops_ring, nicolae_overflow_two_pavilions,
          grunt_dithmenos_smoke_and_mirrors, minmay_fire_ice_demons
D:8:      layout_gridville, lightli_temple_of_fire, uniq_joseph
D:9:      layout_cave_pools, dpeg_lair_monsters, kennysheep_doodads,
          grunt_ministairs_6, minmay_misc_feat_x, uniq_harold

Skill      XL: |  1  2  3  4  5  6  7  8  9 10 |
---------------+-------------------------------+-----
Spellcasting   | 3 4 5 6 8 10 11 | 11.3
Fighting       | 2 4 |  4.4
Armour         | 3 |  3.4
Dodging        | 4 |  4.6
Stealth        | |  1.5

Action                   |  1- 3 |  4- 6 |  7- 9 | 10-12 || total
-------------------------+-------+-------+-------+-------++-------
Melee: Dagger            |       |     2 |    27 |       ||    29
       Punch             |       |       |     1 |       ||     1
 Cast: Foxfire           |    36 |    47 |    21 |     1 ||   105
       Scorch            |    23 |    28 |    60 |    30 ||   141
       Necrotise         |       |     5 |       |       ||     5
       Poisonous Vapours |       |     7 |    50 |     6 ||    63
       Inner Flame       |       |       |    43 |    17 ||    60
       Gell's Gravitas   |       |       |     9 |     2 ||    11
       Swiftness         |       |       |       |     1 ||     1
Invok: Curse Item        |       |       |     4 |       ||     4
       Shatter the Chain |       |       |     1 |       ||     1
  Use: Scroll            |       |     1 |       |     1 ||     2
Armor: Robe              |     1 |       |     4 |       ||     5
       Ring mail         |       |       |     1 |     4 ||     5
Dodge: Dodged            |     9 |     1 |    28 |    25 ||    63
